 Dungeon Crawl Stone Soup version 0.27.1-3-gb3d3a73c9e (webtiles) character file.

Game seed: 6754537906720515851

291 Urokeeper the Chopper (level 6, -2/84 HPs)
             Began as a Hill Orc Berserker on Oct 20, 2021.
             Was a Believer of Trog.
             Splashed by Ijyb's acid (10 damage)
             ... on level 4 of the Dungeon.
             The game lasted 00:07:21 (3581 turns).

Urokeeper the Chopper (Hill Orc Berserker)          Turns: 3581, Time: 00:07:22

Health: -2/84      AC:  8    Str: 22    XL:     6   Next: 32%
Magic:  6/6        EV:  6    Int:  7    God:    Trog [**....]
Gold:   65         SH:  0    Dex: 10    Spells: 5/5 levels left

rFire    . . .     SeeInvis .   o - +0 trident
rCold    . . .     Faith    .   (no shield)
rNeg     . . .     Spirit   .   b - +0 plate armour
rPois    .         Reflect  .   j - +0 helmet
rElec    .         Harm     .   (no cloak)
rCorr    .         Rampage  .   (no gloves)
Will     .....                  (no boots)
Stlth    ..........             (no amulet)
HPRegen  0.24/turn              (no ring)
MPRegen  0.10/turn              (no ring)

@: berserking, corroded, very quick
A: no striking features
a: Renounce Religion, Berserk, Trog's Hand


You were on level 4 of the Dungeon.
You worshipped Trog.
Trog was pleased with you.
You visited 1 branch of the dungeon, and saw 4 of its levels.

You collected 65 gold pieces.

Inventory:

Hand Weapons
 a - a +0 hand axe
 o - a +0 trident (weapon)
Missiles
 q - 15 poisoned darts (quivered)
Armour
 b - a +0 plate armour (worn)
 e - a +0 kite shield
 i - a +0 ring mail
 j - a +0 helmet (worn)
Wands
 s - a wand of iceblast (7)
Scrolls
 f - a scroll of fog
 g - a scroll of blinking
 n - a scroll of summoning
Potions
 c - a potion of lignification {unknown}
 d - a potion of might
 h - a potion of ambrosia
 k - a potion of magic {unknown}
 l - 4 potions of heal wounds {unknown}
 m - a potion of haste {unknown}
 p - 3 potions of attraction {unknown}
 r - 2 potions of invisibility
 t - a potion of mutation {unknown}


   Skills:
 + Level 5.2 Fighting
 * Level 7.0 Axes
 + Level 4.0 Armour
 - Level 1.5 Dodging


You had 5 spell levels left.
You didn't know any spells.
Your spell library was empty.

Dungeon Overview and Level Annotations

Branches:
Dungeon (4/15)
 Temple: D:4-7

Altars:
Ashenzari
Trog
The Shining One

Annotations:
D:4 Ijyb


Message History

Ijyb hits you but does no damage.
You barely miss Ijyb.
Ijyb is heavily wounded.
The adder bites you but does no damage. Ijyb barely misses you.
You hit Ijyb but do no damage.
Ijyb is heavily wounded.
The adder bites you but does no damage. Ijyb hits you with a +7 club.
The adder bites you.
You are poisoned.
The adder poisons you!
You hit Ijyb.
Ijyb is heavily wounded.
You feel sick.
Ijyb zaps a wand.
The bolt of acid hits you. The acid corrodes you!
You are splashed with acid!
The adder bites you but does no damage. Ijyb hits you with a +7 club.
A red film seems to cover your vision as you go berserk!
You feel yourself moving faster!
You feel mighty!
You feel sick. The adder closely misses you. Ijyb hits you with a +7 club.
You are too injured to fight recklessly!
You are too injured to fight recklessly!
You are too injured to fight recklessly!
You are too injured to fight recklessly!
You are too injured to fight recklessly!
You barely miss Ijyb.
Ijyb is heavily wounded.
The adder closely misses you.
You closely miss Ijyb.
Ijyb is heavily wounded.
You feel sick. The adder bites you but does no damage.
Ijyb hits you with a +7 club!
* * * LOW HITPOINT WARNING * * *
You puncture Ijyb!
Ijyb is almost dead.
You feel sick.
You are no longer poisoned.
The adder bites you but does no damage.
Ijyb zaps a wand.
The bolt of acid hits you!
* * * LOW HITPOINT WARNING * * *
You are splashed with acid!
You die...

..##>...###..##..##.......≈♣♣♣≈.≈
..........#...+..+........≈≈≈≈≈.≈
..........+...#..##...##.≈.≈≈..≈.
..........#(.##..##...###≈≈≈≈≈≈≈≈
..##.....)#..##..##......≈≈♣ ♣≈≈≈
..##......#............†.≈≈♣ ♣≈≈≈
..##..[..##......#######..≈♣♣♣≈≈≈
..##.....##..##..# #.≈≈≈≈≈≈.≈
..##....[....##.@# #...≈..≈≈.
..##.....##..##.Sg....###.≈≈≈≈≈≈≈
.........##+###........#..≈♣♣♣≈≈≈
.........# ........$#..≈♣ ♣≈.≈
[......... ..........#.≈≈♣♣♣≈.≈
..##...#... ..#.......##..≈≈≈≈≈.≈
## #...#############..##+..≈≈≈.≈≈
#... ...#....'.... #....#.<..


You could see Ijyb and an adder.

Vanquished Creatures
  A centaur (D:4)
  2 orc priests (D:3)
  Terence (D:2)
  A killer bee zombie (D:3)
  A hound skeleton (D:4)
  2 adders
  2 dart slugs (D:1)
  3 orcs (D:3)
  5 ball pythons
  5 endoplasms
  4 giant cockroaches
  5 goblins
  11 hobgoblins
  3 quokkas
  8 bats
  4 frilled lizards
  6 kobolds
  5 rats
69 creatures vanquished.

Notes
Turn   | Place    | Note
-------+----------+-------------------------------------------
     0 | D:1      | Urokeeper the Hill Orc Berserker began the quest for the
                  | Orb.
     0 | D:1      | Reached XP level 1. HP: 19/19 MP: 1/1
   130 | D:1      | Reached XP level 2. HP: 17/27 MP: 2/2
   934 | D:1      | Reached XP level 3. HP: 32/33 MP: 3/3
  1538 | D:2      | Reached skill level 5 in Axes
  1555 | D:2      | Noticed Terence
  1557 | D:2      | Reached ** piety under Trog
  1568 | D:2      | Killed Terence
  1569 | D:2      | Reached XP level 4. HP: 33/40 MP: 4/4
  1846 | D:2      | Found a faded altar of an unknown god.
  2302 | D:3      | Reached XP level 5. HP: 47/47 MP: 5/5
  2326 | D:3      | Found a bloodstained altar of Trog.
  2326 | D:3      | Found a broken altar of Ashenzari.
  2395 | D:3      | Reached skill level 6 in Axes
  2791 | D:3      | Found a glowing golden altar of the Shining One.
  3344 | D:4      | Noticed a centaur
  3358 | D:4      | Killed a centaur
  3359 | D:4      | Reached skill level 5 in Fighting
  3359 | D:4      | Reached skill level 7 in Axes
  3359 | D:4      | Reached XP level 6. HP: 32/56 MP: 6/6
  3570 | D:4      | Noticed Ijyb
  3581 | D:4      | Splashed by Ijyb's acid

Illustrated notes

Levels and vault maps discovered:
D:1:      roderic_octagonal_star, layout_basic, chequers_serial_rivers_micro_e,
          minmay_strange_pillars
D:2:      layout_rooms, hellmonk_ecumenical_altar_lost_god, uniq_terence
D:3:      layout_loops_ring, tso_altar, amethyst_overflow_temple_binary
D:4:      layout_gridville, hangedman_decor_slide_cut, kennysheep_boxes,
          uniq_ijyb

Skill      XL: |  1  2  3  4  5  6 |
---------------+-------------------+-----
Fighting       | 4 5 |  5.2
Axes           | 5 7 |  7.0
Armour         | 3 4 |  4.0
Dodging        | |  1.5

Action                   |  1- 3 |  4- 6 || total
-------------------------+-------+-------++-------
Melee: Hand axe          |    91 |    28 ||   119
       Trident           |       |    97 ||    97
Invok: Trog's Hand       |     1 |     1 ||     2
       Berserk           |     1 |     1 ||     2
  Use: Scroll            |       |     6 ||     6
Armor: Animal skin       |    10 |       ||    10
       Ring mail         |    15 |       ||    15
       Plate armour      |       |    93 ||    93
Dodge: Dodged            |    56 |    39 ||    95
